 Dungeon Crawl Stone Soup version 0.21.1-1-g345015f (webtiles) character file.

91 Fresel the Shield-Bearer (level 4, -3/35 HPs)
             Began as a Human Fighter on May 31, 2018.
             Slain by Jaiteiro's ghost (7 damage)
             ... on level 3 of the Dungeon.
             The game lasted 00:15:49 (1435 turns).

Fresel the Shield-Bearer (Human Fighter)            Turns: 1435, Time: 00:15:50

Health: -3/35      AC:  6    Str: 18    XL:     4   Next: 87%
Magic:  4/4        EV:  7    Int:  8    God:
Gold:   115        SH:  9    Dex: 12    Spells: 3/3 levels left

rFire    . . .     SeeInvis .   k - +0 mace
rCold    . . .     Gourm    .   c - +0 shield
rNeg     . . .     Faith    .   b - +0 scale mail
rPois    .         Spirit   .   (no helmet)
rElec    .         Reflect  .   (no cloak)
rCorr    .         Harm     .   (no gloves)
MR       .....                  (no boots)
Stlth    ..........             (no amulet)
HPRegen  0.11/turn              (no ring)
MPRegen  0.09/turn              (no ring)

@: lethally poisoned (-3 -> -11)
A: no striking features
a: no special abilities


You were on level 3 of the Dungeon.
You were not hungry.

You visited 1 branch of the dungeon, and saw 3 of its levels.

You collected 115 gold pieces.

Inventory:

Hand Weapons
 a - a +0 long sword
 g - a +0 dagger
 j - a +2 whip of electrocution
 k - a +0 mace (weapon)
 m - a +0 club
 n - a +0 quarterstaff
 q - a +0 club
 r - a cursed -2 dagger
 s - a +0 dagger
 w - a +0 rapier
 A - a +0 club
 E - a +0 flail
 F - a +0 trident
 H - a +0 short sword
 J - a +0 club
Missiles
 h - 34 stones (quivered)
 p - 35 arrows
 B - 3 needles of sleeping
 D - 5 sling bullets
Armour
 b - a +0 scale mail (worn)
 c - a +0 shield (worn)
 v - a +0 leather armour
 C - a +0 robe
 G - a +0 chain mail
 I - a +0 leather armour
 K - a cursed +0 ring mail
Jewellery
 y - a +3 ring of strength {unknown}
Wands
 o - a wand of acid (11)
Scrolls
 e - a scroll of blinking {unknown}
 l - 3 scrolls of identify {unknown}
 t - a scroll of immolation {unknown}
 u - a scroll of remove curse {unknown}
 z - 2 scrolls of teleportation {unknown}
Potions
 d - 2 potions of might
 i - a potion of curing
 x - a potion of heal wounds {unknown}


   Skills:
 + Level 3.4 Fighting
 + Level 2.3 Long Blades
 + Level 1.6 Maces & Flails
 + Level 3.5 Armour
 + Level 0.9 Dodging
 + Level 3.5 Shields


You had 3 spell levels left.
You didn't know any spells.

Dungeon Overview and Level Annotations

Branches:
Dungeon (3/15)

Altars:
Fedhas
Qazlal

Annotations:
D:3 Jaiteiro's ghost, amateur HaFi


Message History

* * * LOW HITPOINT WARNING * * *
The worker ant bites you but does no damage.
You hit the worker ant.
The worker ant is moderately wounded.
You block the worker ant's attack. The rat bites you but does no damage.
Jaiteiro's ghost barely misses you.
You hit the worker ant.
The worker ant is heavily wounded.
You block the worker ant's attack. The rat barely misses you.
Jaiteiro's ghost barely misses you. You block the orc's attack.
The worker ant bites you.
* * * LOW HITPOINT WARNING * * *
You are lethally poisoned!
The worker ant poisons you! The rat bites you.
* * * LOW HITPOINT WARNING * * *
Your shield and scale mail prevent you from hitting the worker ant.
The worker ant is heavily wounded.
* * * LOW HITPOINT WARNING * * *
You feel sick. Jaiteiro's ghost hits you!
You die...

#...... .......
#......#.......
#......#.......
#......#.....
#.....#....
#.....#.r#####
#.....aW......
#@r..######
#.o.......#
#....####.#
#....####.######
##.............#
#.......<#..
#........#...
#.............
#.
#.......##....


You could see a worker ant, Jaiteiro's ghost, an orc and 2 rats.

Vanquished Creatures
  An orc priest (D:3)
  An ooze (D:3)
  A worm (D:2)
  3 leopard geckos
  3 orcs (D:3)
  3 giant cockroaches
  5 goblins
  4 hobgoblins
  2 jackals (D:1)
  2 quokkas (D:2)
  8 bats
  3 frilled lizards
  5 kobolds
  6 rats
  A fungus (D:2)
48 creatures vanquished.

Notes
Turn   | Place    | Note
-------+----------+-------------------------------------------
     0 | D:1      | Fresel the Human Fighter began the quest for the Orb.
     0 | D:1      | Reached XP level 1. HP: 18/18 MP: 1/1
   201 | D:1      | Reached XP level 2. HP: 22/24 MP: 2/2
   442 | D:2      | Reached XP level 3. HP: 29/29 MP: 3/3
   479 | D:2      | Found a stormy altar of Qazlal.
   483 | D:2      | Found a blossoming altar of Fedhas.
  1124 | D:2      | Reached skill level 1 in Maces & Flails
  1211 | D:3      | Reached XP level 4. HP: 33/35 MP: 4/4
  1425 | D:3      | Noticed Jaiteiro's ghost (amateur HaFi)
  1435 | D:3      | Slain by Jaiteiro's ghost

Skill      XL: |  1  2  3 |
---------------+----------+-----
Maces & Flails | 1 |  1.6
Fighting       | |  3.4
Long Blades    | |  2.3
Armour         | |  3.5
Dodging        | |  0.9
Shields        | |  3.5

Action                   |  1- 3 |  4- 6 || total
-------------------------+-------+-------++-------
Melee: Long sword        |    49 |       ||    49
       Mace              |   123 |    38 ||   161
  Use: Potion            |     1 |       ||     1
  Eat: Ration            |       |     1 ||     1
Armor: Scale mail        |   109 |    20 ||   129
Dodge: Dodged            |    72 |    26 ||    98
Block: Shield            |   104 |    35 ||   139
       Rpst.: Long sword |    10 |       ||    10
